 Dungeon Crawl Stone Soup version 0.29.0-4-gdea44cf6ec (webtiles) character file.

Game seed: 14072025978769169019

465 qw the Chopper (level 7, -2/33 (40) HPs)
             Began as a Tengu Warper on Aug 28, 2022.
             Slain by Edmund
             ... wielding a +5 flail of draining
              (8 damage)
             ... on level 4 of the Dungeon.
             The game lasted 00:00:23 (3313 turns).

qw the Chopper (Tengu Warper)                       Turns: 3313, Time: 00:00:24

HP:   -2/33 (40)    AC: 11    Str: 13    XL:     7   Next: 8%
MP:   11/11         EV:  5    Int: 14    God:
Gold: 177           SH:  0    Dex: 13    Spells: 10/10 levels left

rFire   . . .      SeeInvis +   j - +2 hand axe (vamp)
rCold   . . .      Faith    .   (no shield)
rNeg    . . .      Spirit   .   a - +0 plate armour
rPois   .          Reflect  .   (helmet restricted)
rElec   .          Harm     .   (no cloak)
rCorr   .          Rampage  .   (no gloves)
Will    .....                   (boots unavailable)
Stlth   ..........              (no amulet)
HPRegen 0.11/turn               o - ring of see invisible
MPRegen 0.12/turn               (no ring)

@: about to teleport, flying quickly and evasively, heavily drained, quick
A: beak, talons 3, nimble flight
a: no special abilities


You were on level 4 of the Dungeon.
You visited 1 branch of the dungeon, and saw 4 of its levels.

You collected 177 gold pieces.


Innate Abilities, Weirdness & Mutations

You have a beak for a mouth.
You have claws for feet.
Your magical nature lets you fly swiftly and evasively.


   Skills:
 + Level 2.7 Fighting
 - Level 7.0 Axes
 - Level 1.0 Throwing
 - Level 3.4 Armour
 - Level 2.1 Dodging
 - Level 2.0 Spellcasting
 - Level 2.4 Translocations


You had 10 spell levels left.
You didn't know any spells.
Your spell library contained the following spells:

 Spells                   Type           Power      Damage    Failure   Level
 Blink                    Tloc           16%        N/A       100%        2
 Gell's Gravitas          Tloc           8%         N/A       100%        3
 Lesser Beckoning         Tloc           8%         N/A       100%        3
 Teleport Other           Tloc           8%         N/A       100%        3
 Manifold Assault         Tloc           8%         N/A       100%        5

Inventory:

Hand Weapons
 i - a +0 flail
 j - a +2 vampiric hand axe (weapon)
Armour
 a - a +0 plate armour (worn)
Jewellery
 o - a ring of see invisible (left hand)
Scrolls
 b - a scroll of identify
 h - a scroll of teleportation
Potions
 d - 2 potions of haste
 f - a potion of might
 g - a potion of lignification {unknown}
 k - a potion of heal wounds {unknown}
 l - a potion of curing

Dungeon Overview and Level Annotations

Branches:
Dungeon (4/15)
 Temple: D:4-7

Altars:

Annotations:
D:4 Edmund


Message History

The gnoll hits you but does no damage. x3
Edmund hits you with a +5 flail of draining!
You feel drained.
You slash the gnoll!
You feel better.
You kill the gnoll!
You hit Edmund.
You feel better.
You hit the gnoll.
You feel better.
You closely miss the gnoll.
Edmund hits you with a +5 flail of draining.
You feel drained. The gnoll hits you with a +0 whip.
The gnoll hits you but does no damage.
You hit the gnoll. Your kick misses the gnoll.
The gnoll is severely wounded.
You closely miss Edmund. You hit the gnoll.
You feel better.
You hit the gnoll.
You feel better.
You claw the gnoll.
You kill the gnoll!
You hit the gnoll. You hit Edmund.
You feel better. The gnoll hits you with a +0 whip.
Edmund hits you with a +5 flail of draining.
You feel drained.
You hit the gnoll.
You feel better.
The gnoll is severely wounded.
You hit Edmund.
You feel better. The gnoll hits you but does no damage.
Edmund hits you with a +5 flail of draining.
You feel drained.
You hit the gnoll.
You feel better.
You kill the gnoll!
You closely miss Edmund.
Edmund hits you with a +5 flail of draining.
You feel drained.
You hit Edmund.
You feel better.
You claw Edmund, but do no damage.
Edmund is moderately wounded.
Edmund hits you with a +5 flail of draining!
You feel drained.
3313 ||| READING 2 scrolls of teleportation.
As you read the scroll of teleportation, it crumbles to dust.
You feel strangely unstable.
Edmund gestures with his flail.
Edmund hits you with a +5 flail of draining!
You die...

#.....
#....#....#............
J.....
####....#....#..#####.####
...... #...#.###....#..# #.#
#.K..##.......#....#..# #.#
#.....###.....#......
#####.#
$....#....#..#....##.#.....#
#.)#.K..#..#######.#.##..#
#..%..###..).......#.##..#
#.......#..)@............#
###.#...#..))@.#####.###.#
....#######...# #<# #.# ....
....# ### #.# ...### ......
... #... g..#.### ....
###.#.# .....


You could see Edmund.

Vanquished Creatures
  A black bear (D:4)
  A hound (D:3)
  A jelly (D:4)
  Jessica (D:2)
  Natasha (D:2)
  An iguana (D:4)
  3 orc wizards (D:3)
  3 adders
  3 gnolls (D:4)
  A worm (D:2)
  3 dart slugs
  13 orcs
  5 ball pythons
  7 endoplasms
  3 giant cockroaches
  5 hobgoblins
  5 jackals
  9 kobolds
  3 quokkas (D:3)
  10 bats
  A frilled lizard (D:3)
  5 goblins
  5 rats
90 creatures vanquished.

Notes
Turn   | Place    | Note
-------+----------+-------------------------------------------
     0 | D:1      | qw the Tengu Warper began the quest for the Orb.
     0 | D:1      | Reached XP level 1. HP: 12/12 MP: 4/4
     0 | D:1      | 0 ||| qw: Version: 0.1-a-89-g26bdef1
     0 | D:1      | 0 ||| qw: Game counter: 1488
     0 | D:1      | 0 ||| qw: Always use a shield: true
     0 | D:1      | 0 ||| qw: God list: Okawaru
     0 | D:1      | 0 ||| qw: Allow faded altars: false
     0 | D:1      | 0 ||| qw: Do Orc after D:15 true
     0 | D:1      | 0 ||| qw: Do second Lair branch before Depths: true
     0 | D:1      | 0 ||| qw: Lair rune preference: random
     0 | D:1      | 0 ||| qw: Plans: Normal
     0 | D:1      | 0 ||| PLANNING D:1-11
   275 | D:1      | 275 ||| SWAPPING to +2 vampiric hand axe.
   276 | D:1      | 276 ||| DROPPING +0 hand axe.
   305 | D:1      | Reached skill level 3 in Axes
   305 | D:1      | Reached XP level 2. HP: 17/17 MP: 6/6
   737 | D:1      | Reached XP level 3. HP: 21/21 MP: 7/7
   739 | D:1      | 739 ||| DROPPING +0 club.
   967 | D:1      | 967 ||| UPGRADING to +0 chain mail.
   977 | D:1      | 977 ||| DROPPING +0 leather armour.
   978 | D:1      | 978 ||| READING scroll labelled SENTYGIWK.
   979 | D:1      | 979 ||| READING scroll labelled HAN RYCRISHRYENGA.
   980 | D:1      | 980 ||| READING scroll labelled SOFUPEMYAD.
   985 | D:1      | 985 ||| DRINKING 2 grey potions.
   986 | D:1      | 986 ||| DRINKING 2 fizzy inky potions.
   987 | D:1      | 987 ||| DROPPING scroll of blinking.
  1125 | D:2      | Reached skill level 4 in Axes
  1407 | D:2      | Noticed Jessica
  1410 | D:2      | Killed Jessica
  1411 | D:2      | Reached XP level 4. HP: 20/26 MP: 8/8
  1411 | D:2      | 1411 ||| FLEEEEING.
  1421 | D:2      | 1421 ||| FLEEEEING.
  1429 | D:2      | 1429 ||| FLEEEEING.
  1430 | D:2      | 1430 ||| FLEEEEING.
  1431 | D:2      | 1431 ||| FLEEEEING.
  1432 | D:2      | 1432 ||| FLEEEEING.
  1441 | D:2      | 1441 ||| FLEEEEING.
  1442 | D:2      | 1442 ||| FLEEEEING.
  1443 | D:2      | 1443 ||| FLEEEEING.
  1451 | D:2      | 1451 ||| FLEEEEING.
  1452 | D:2      | 1452 ||| FLEEEEING.
  1453 | D:2      | 1453 ||| FLEEEEING.
  1458 | D:2      | 1458 ||| FLEEEEING.
  1793 | D:2      | Noticed Natasha
  1798 | D:2      | Killed Natasha
  1799 | D:2      | Reached skill level 5 in Axes
  1851 | D:2      | 1851 ||| UPGRADING to +0 plate armour.
  1861 | D:2      | 1861 ||| DROPPING +0 chain mail.
  1862 | D:2      | 1862 ||| UPGRADING to ring of see invisible.
  1863 | D:2      | 1863 ||| READING scroll labelled SANIT HIASTIO.
  1864 | D:2      | 1864 ||| READING scroll labelled NAUTTAV ANNI.
  1865 | D:2      | 1865 ||| DRINKING 2 bubbling black potions.
  1884 | D:3      | 1884 ||| Stepping ~*~*~tactically~*~*~ (stealth).
  1887 | D:3      | 1887 ||| Stepping ~*~*~tactically~*~*~ (stealth).
  1890 | D:3      | 1890 ||| Stepping ~*~*~tactically~*~*~ (stealth).
  1891 | D:3      | 1891 ||| Stepping ~*~*~tactically~*~*~ (stealth).
  1898 | D:3      | 1898 ||| Stepping ~*~*~tactically~*~*~ (stealth).
  1901 | D:3      | 1901 ||| Stepping ~*~*~tactically~*~*~ (stealth).
  1903 | D:3      | Gained mutation: Your magical nature lets you fly swiftly
                  | and evasively. [Tengu growth]
  1903 | D:3      | Reached XP level 5. HP: 30/30 MP: 9/9
  1911 | D:3      | 1911 ||| FLEEEEING.
  1914 | D:3      | 1914 ||| STAIRDANCE
  2023 | D:3      | 2023 ||| DROPPING +0 whip of electrocution.
  2528 | D:3      | 2528 ||| Stepping ~*~*~tactically~*~*~ (stealth).
  2904 | D:3      | Reached skill level 6 in Axes
  2912 | D:3      | Reached XP level 6. HP: 33/35 MP: 10/10
  2990 | D:3      | 2990 ||| Stepping ~*~*~tactically~*~*~ (stealth).
  3017 | D:3      | 3017 ||| Stepping ~*~*~tactically~*~*~ (hiding).
  3031 | D:3      | 3031 ||| Stepping ~*~*~tactically~*~*~ (hiding).
  3154 | D:3      | 3154 ||| READING scroll labelled URERAMNA WOCE.
  3155 | D:3      | 3155 ||| DRINKING 2 fizzy silvery potions.
  3156 | D:3      | 3156 ||| READING 2 scrolls of identify.
  3156 | D:3      | 3156 ||| IDENTIFYING bubbling red potion
  3157 | D:3      | 3157 ||| DROPPING potion of invisibility.
  3158 | D:3      | 3158 ||| DROPPING potion of attraction.
  3195 | D:4      | 3195 ||| PLANNING SEWER
  3241 | D:4      | Reached skill level 7 in Axes
  3273 | D:4      | Noticed a black bear
  3278 | D:4      | 3278 ||| Stepping ~*~*~tactically~*~*~ (stealth).
  3288 | D:4      | Killed a black bear
  3289 | D:4      | Reached skill level 3 in Armour
  3289 | D:4      | 3289 ||| FLEEEEING.
  3290 | D:4      | 3290 ||| FLEEEEING.
  3291 | D:4      | 3291 ||| FLEEEEING.
  3292 | D:4      | 3292 ||| FLEEEEING.
  3293 | D:4      | 3293 ||| FLEEEEING.
  3295 | D:4      | 3295 ||| FLEEEEING.
  3296 | D:4      | 3296 ||| FLEEEEING.
  3297 | D:4      | 3297 ||| FLEEEEING.
  3297 | D:4      | Noticed Edmund
  3298 | D:4      | 3298 ||| Stepping ~*~*~tactically~*~*~ (stealth).
  3306 | D:4      | Reached XP level 7. HP: 20/40 MP: 11/11
  3312 | D:4      | HP: 6/33 [Edmund/+5 flail of draining (3)]
  3313 | D:4      | 3313 ||| READING 2 scrolls of teleportation.
  3313 | D:4      | Slain by Edmund

Levels and vault maps discovered:
D:1:      dpeg_arrival_simpleton_a, layout_basic, lemuel_another_geyser
D:2:      layout_loops_ring, uniq_natasha, uniq_jessica
D:3:      minmay_chambers_of_threes, layout_loops_corners,
          chequers_serial_rivers_small_a, minmay_ruptured
D:4:      layout_basic, cheibrodos_sewer_entry_drain, hangedman_decor_push,
          uniq_edmund

Skill      XL: |  1  2  3  4  5  6 |
---------------+-------------------+-----
Axes           | 3 4 5 6 7 |  7.0
Armour         | 2 3 |  3.4
Fighting       | |  2.7
Throwing       | |  1.0
Dodging        | |  2.1
Spellcasting   | |  2.0
Translocations | |  2.4

Action                   |  1- 3 |  4- 6 |  7- 9 || total
-------------------------+-------+-------+-------++-------
Melee: Hand axe          |    62 |   139 |     7 ||   208
       Peck              |     7 |    28 |       ||    35
       Kick              |    10 |    33 |     3 ||    46
Throw: Boomerang         |     7 |       |       ||     7
  Use: Scroll            |     3 |     4 |     1 ||     8
       Potion            |     2 |     2 |       ||     4
Armor: Leather armour    |    11 |       |       ||    11
       Chain mail        |    22 |     3 |       ||    25
       Plate armour      |       |    72 |     5 ||    77
Dodge: Dodged            |    40 |    18 |       ||    58

Table legend:
 A = Non-vault XP
 B = Vault XP
 C = Vault XP percentage of total XP
 D = Non-vault monster count
 E = Vault monster count
 F = Vault count percentage of total count
                 A         B        C        D         E       F
            +---------+---------+-------+---------+---------+-------
      Total |     557 |     108 |  16.2 |      75 |      15 |  16.7
            +---------+---------+-------+---------+---------+-------
        D:1 |      37 |       0 |   0.0 |      21 |       0 |   0.0
        D:2 |      41 |      72 |  63.7 |      13 |       2 |  13.3
        D:3 |     224 |      36 |  13.8 |      32 |      13 |  28.9
        D:4 |     255 |       0 |   0.0 |       9 |       0 |   0.0
            +---------+---------+-------+---------+---------+-------
